cohdb
Replays
Latest Replays
All Replays
Popular Replays
Top Player Replays
Match Explorer
How It Works
Community
CoH3 Stats
Reddit
Sign in to upload your games and track your stats! →
Sign in with Steam
Match 41616787
Unlisted
Match 41616787
Overview
Messages
Build Orders
End
Construct Weapon Support Center
Engineer Squad
M1919 Machine Gun Team
Selects Heavy Weapons
M1919 Machine Gun Team
Bazooka Squad
Mechanized Support Center
Selects Assault Carriers
M3 Assault Carrier
Construct Barracks
Riflemen Squad
Riflemen Squad
Selects M2HB .50cal Heavy Machine Gun
Grenade Package
Riflemen Squad
M3 Assault Carrier
Riflemen Squad
Selects Halftrack Strongpoints
M1919 Machine Gun Team
Construct Tank Depot
M1 Mortar Team
M4(105) Sherman Bulldozer
Nukepapa
Fajolada
Mr.Engineer
MaYoR
0
0
Comments
sign in to comment!
No comments posted yet!